 Dungeon Crawl Stone Soup version 0.20.1-1-g8b1a95d (webtiles) character file.

3484 equalderp2856 the Cleaver (level 9, -1/78 HPs)
             Began as a Minotaur Fighter on Aug 13, 2017.
             Slain by Grum
             ... wielding a -1 spear
              (6 damage)
             ... on level 8 of the Dungeon.
             The game lasted 00:13:23 (7487 turns).

equalderp2856 the Cleaver (Minotaur Fighter)        Turns: 7487, Time: 00:13:25

Health: -1/78      AC: 13    Str: 22    XL:     9   Next: 79%
Magic:  8/8        EV: 10    Int:  5    God:
Gold:   428        SH:  5    Dex: 12    Spells: 8/8 levels left

rFire    . . .     SeeInvis .   a - +0 war axe
rCold    . . .     Gourm    .   u - +0 buckler (curse)
rNeg     . . .     Faith    .   K - +0 chain mail
rPois    .         Spirit   .   r - +2 hat
rElec    .         Reflect  .   (no cloak)
rCorr    .         Harm     .   (no gloves)
MR       .....                  (no boots)
Stlth    ..........             (no amulet)
Regen    0.3/turn               (no ring)
MPRegen  0.2/turn               (no ring)

@: flying
A: retaliatory headbutt, horns 2
a: no special abilities


You were on level 8 of the Dungeon.
You were not hungry.

You visited 1 branch of the dungeon, and saw 8 of its levels.

You collected 428 gold pieces.

Inventory:

Hand Weapons
 a - a +0 war axe (weapon)
 p - a +0 dagger of protection
 P - a +0 trident
 Q - a +0 short sword
 V - a +0 shortbow
Missiles
 m - 259 stones (quivered)
 n - a throwing net
 v - 27 poisoned needles
 w - 16 sling bullets
 x - 135 arrows
 y - 40 bolts
 B - 2 tomahawks
Armour
 b - a +0 scale mail
 c - a +0 shield
 r - a +2 hat (worn)
 u - a cursed +0 buckler (worn)
 K - a +0 chain mail (worn)
 O - a +2 robe of magic resistance
Jewellery
 E - a cursed ring of protection from magic {unknown}
 H - an uncursed amulet of harm
 I - a cursed amulet of the gourmand
 J - an uncursed amulet of the gourmand
 S - the cursed ring of Kupoug {*Slow rF+ AC-3 Int+2, unknown}
   (You found it on level 6 of the Dungeon)

   [ring of protection]

   It affects your AC (-3).
   It affects your intelligence (+2).
   It protects you from fire.
   It may slow you when you take damage.
   It has a curse placed upon it.
 U - an uncursed ring of flight {unknown}
Wands
 j - a wand of acid (9/15)
 C - a wand of flame (31/48)
Scrolls
 e - 6 scrolls of remove curse
 g - a scroll of noise {unknown}
 k - 5 scrolls of enchant armour
 l - 3 scrolls of teleportation {unknown}
 o - 3 scrolls of recharging {unknown}
 s - 6 scrolls of identify
 G - a scroll of fog {unknown}
 R - a scroll of random uselessness {unknown}
 T - a scroll of magic mapping {unknown}
Potions
 d - 4 potions of might
 t - a potion of agility
 z - 2 potions of degeneration
 A - a potion of resistance {unknown}
 D - a potion of brilliance
 F - a potion of lignification {unknown}
 L - a potion of haste
 M - a potion of flight
 N - 2 potions of magic
 W - a potion of curing {unknown}
 X - a potion of cancellation {unknown}
Comestibles
 f - 5 bread rations
 h - 10 fruits
 i - 6 royal jellies
 q - a meat ration
 Y - 4 chunks of flesh


   Skills:
 + Level 6.6 Fighting
 + Level 11.1 Axes
 + Level 9.2 Armour
 + Level 3.4 Dodging
 + Level 1.2 Stealth
 + Level 7.1 Shields


You had 8 spell levels left.
You didn't know any spells.

Dungeon Overview and Level Annotations

Branches:
Dungeon (8/15)             Temple (0/1) D:5
   Lair: D:8-11

Altars:
Ashenzari
Dithmenos
Hepliaklqana
Nemelex Xobeh
Okawaru
Qazlal
Ru
Sif Muna
Trog
The Shining One

Shops:
D:6 %

Annotations:
D:8 Grum, Pikel


Innate Abilities, Weirdness & Mutations

You reflexively headbutt those who attack you in melee.
You have a pair of horns on your head.


Message History

* * * LOW HITPOINT WARNING * * *
The orc wizard hits you but does no damage.
You can move again.
You barely miss Pikel.
Pikel is almost dead.
You slash the ice beast! You slash the orc wizard! You block Pikel's attack.
Grum hits you from afar with a spear.
* * * LOW HITPOINT WARNING * * *
The orc wizard hits you but does no damage.
The ice beast barely misses you. You furiously retaliate!
You headbutt the ice beast!
Okay, then.
Okay, then.
It was a potion of flight.
You feel very buoyant.
You fly up into the air.
Pikel zaps a wand.
You shrug off the repeated paralysis!
The orc wizard hits you but does no damage.
Grum hits you from afar with a spear.
You die...

K......# ##...# ......#
..#.# ._...' '.#.#
K..K. #.#.#
.Kp#####.#.#
Kpp#....#.#
#pW#......####### ..
#K##............#
..#@...##########.#
.#Yo..# #.# #ga..## #.#
........# #.# #####.?.#
#.# #######.[######
#.## ......[<)......
#...
#######)####...........
#.. #.#######


You could see Grum, Pikel, a hungry ghost, an ice beast, a big kobold, 4 slaves,
a worker ant, an orc wizard and 2 kobolds.

Vanquished Creatures
  A two-headed ogre (D:7)
  Sigmund (D:4)
  The ghost of polve the Skirmisher, an amateur DsAK of Lugonu (D:4)
  Menkaure (D:5)
  Edmund (D:6)
  A water moccasin (D:6)
  2 orc warriors
  3 ogres
  3 centaurs
  3 wolves (D:7)
  2 bullfrogs
  2 scorpions
  3 crimson imps
  2 bullfrog zombies (D:7)
  2 hounds (D:7)
  2 jellies (D:2)
  5 orc priests
  A centaur skeleton (D:8)
  2 orc wizards (D:6)
  4 iguanas
  6 worker ants
  A killer bee zombie (D:7)
  A hound skeleton (D:7)
  A worker ant zombie (D:5)
  11 adders
  9 oozes
  3 worms
  A dart slug (D:3)
  5 leopard geckos
  27 orcs
  4 giant cockroaches
  7 goblins
  2 hobgoblins
  3 jackals (D:5)
  6 quokkas
  A ball python (D:5)
  7 bats
  3 frilled lizards
  12 kobolds
  4 rats
156 creatures vanquished.

Vanquished Creatures (others)
  10 toadstools (D:2)
10 creatures vanquished.

Grand Total: 166 creatures vanquished

Notes
Turn   | Place    | Note
-------+----------+-------------------------------------------
     0 | D:1      | equalderp2856 the Minotaur Fighter began the quest for the Orb.
     0 | D:1      | Reached XP level 1. HP: 19/19 MP: 0/0
   431 | D:1      | Reached XP level 2. HP: 27/27 MP: 1/1
   913 | D:2      | Reached XP level 3. HP: 33/33 MP: 2/2
  1042 | D:2      | Found a glowing golden altar of the Shining One.
  1146 | D:2      | Reached skill level 3 in Axes
  1321 | D:2      | Reached XP level 4. HP: 38/41 MP: 3/3
  1355 | D:2      | Reached skill level 4 in Axes
  1355 | D:2      | Reached XP level 5. HP: 40/47 MP: 4/4
  1665 | D:3      | You fall through a shaft!
  1707 | D:4      | Reached skill level 5 in Armour
  1709 | D:4      | Noticed Sigmund
  1748 | D:4      | Found a stormy altar of Qazlal.
  1783 | D:3      | Found a hazy altar of Hepliaklqana.
  1928 | D:3      | Found a shadowy altar of Dithmenos.
  1929 | D:3      | Found a bloodstained altar of Trog.
  2255 | D:3      | Reached skill level 5 in Axes
  2255 | D:3      | Reached XP level 6. HP: 26/53 MP: 5/5
  2285 | D:3      | Found a sparkling altar of Nemelex Xobeh.
  2778 | D:4      | Reached skill level 1 in Dodging
  2811 | D:4      | Noticed polve's ghost (amateur DsAK)
  2826 | D:4      | Killed polve's ghost
  2826 | D:4      | Reached skill level 5 in Fighting
  2826 | D:4      | Reached skill level 5 in Shields
  2988 | D:4      | Killed Sigmund
  2988 | D:4      | Reached skill level 6 in Axes
  2988 | D:4      | Reached XP level 7. HP: 59/61 MP: 6/6
  3537 | D:5      | Entered Level 5 of the Dungeon
  3812 | D:5      | Reached skill level 7 in Axes
  4024 | D:5      | Noticed Menkaure
  4034 | D:5      | Killed Menkaure
  4034 | D:5      | Reached XP level 8. HP: 37/68 MP: 7/7
  4318 | D:5      | Found a staircase to the Ecumenical Temple.
  4601 | D:6      | Reached skill level 1 in Stealth
  4641 | D:6      | Got a wavering lapis lazuli ring
  5196 | D:6      | Found a shadowy altar of Dithmenos.
  5202 | D:6      | Found Punlaluz's Food Emporium.
  5217 | D:6      | Noticed Edmund
  5234 | D:6      | Killed Edmund
  5234 | D:6      | Reached skill level 8 in Axes
  5256 | D:6      | Found a deep blue altar of Sif Muna.
  6261 | D:7      | Reached skill level 9 in Axes
  6280 | D:7      | Reached XP level 9. HP: 20/75 MP: 8/8
  6492 | D:7      | Found a sacrificial altar of Ru.
  6549 | D:7      | Found an iron altar of Okawaru.
  6726 | D:7      | Found a sparkling altar of Nemelex Xobeh.
  6917 | D:8      | Noticed Grum
  7058 | D:7      | Reached skill level 10 in Axes
  7251 | D:8      | Noticed a two-headed ogre
  7277 | D:7      | Killed a two-headed ogre
  7277 | D:7      | Reached skill level 11 in Axes
  7451 | D:8      | Found a shattered altar of Ashenzari.
  7452 | D:8      | Noticed Pikel
  7469 | D:8      | Paralysed by Pikel for 5 turns
  7481 | D:8      | Paralysed by Pikel for 4 turns
  7487 | D:8      | Slain by Grum

Skill      XL: |  1  2  3  4  5  6  7  8  9 |
---------------+----------------------------+-----
Shields        | 4 5 6 7 |  7.1
Fighting       | 4 5 6 |  6.6
Armour         | 4 5 6 8 9 |  9.2
Axes           | 3 4 5 6 7 9 11 | 11.1
Dodging        | 2 3 |  3.4
Stealth        | 1 |  1.2

Action                   |  1- 3 |  4- 6 |  7- 9 || total
-------------------------+-------+-------+-------++-------
Melee: War axe           |    81 |   141 |   281 ||   503
       Headbutt          |    10 |    22 |    44 ||    76
  Use: Potion            |       |     5 |     1 ||     6
       Scroll            |       |       |     4 ||     4
  Eat: Chunk             |     1 |     5 |    15 ||    21
Armor: Scale mail        |    41 |    73 |    24 ||   138
       Chain mail        |       |       |    90 ||    90
Dodge: Dodged            |    33 |    42 |   144 ||   219
Block: Shield            |    46 |    82 |    27 ||   155
       Buckler           |       |       |    65 ||    65
